 Seeded DCSS version 0.29-a0-557-g43b9904bd1 (webtiles) character file.

Game seed: 5197682552777129174 (custom seed)

76 happo123 the Vexing (level 4, -2/24 HPs)
             Began as a Vampire Enchanter on June 8, 2022.
             Slain by a goblin
             ... wielding a +0 dagger of draining
              (3 damage)
             ... on level 3 of the Dungeon.
             The game lasted 00:06:35 (1664 turns).

happo123 the Vexing (Vampire Enchanter)             Turns: 1664, Time: 00:06:36

Health: -2/24      AC:  3    Str:  7    XL:     4   Next: 12%
Magic:  1/7        EV: 13    Int: 19    God:
Gold:   113        SH:  0    Dex: 20    Spells: 2/7 levels left

rFire   . . .      SeeInvis +   a - +1 dagger
rCold   + + .      Faith    .   f - orb {guile}
rNeg    + + +      Spirit   .   b - +0 robe
rPois   ∞          Reflect  .   (no helmet)
rElec   .          Harm     .   (no cloak)
rCorr   .          Rampage  .   i - +0 pair of gloves
Will    .....                   (no boots)
Stlth   +++++.....              h - amulet of magic regeneration
HPRegen 0.00/turn               o - ring of flight
MPRegen 0.50/turn               q - +6 ring of dexterity

@: flying, bloodless, inhibited regen
A: bloodless, fangs 3, see invisible, vampiric 2
a: Bat Form, Revivify


You were on level 3 of the Dungeon.
You visited 1 branch of the dungeon, and saw 3 of its levels.

You collected 113 gold pieces.

Inventory:

Hand Weapons
 a - a +1 dagger (weapon)
Armour
 b - a +0 robe (worn)
 f - an orb of guile (worn)
 i - a +0 pair of gloves (worn)
Jewellery
 h - an amulet of magic regeneration (around neck)
 o - a ring of flight (left hand)
 q - a +6 ring of dexterity (right hand)
Scrolls
 d - 2 scrolls of teleportation {unknown}
 g - 5 scrolls of identify {unknown}
 j - a scroll of blinking {unknown}
 k - a scroll of enchant weapon {unknown}
 r - a scroll of enchant armour {unknown}
 s - a scroll of vulnerability {unknown}
Potions
 c - 3 potions of invisibility
 e - a potion of flight {unknown}
 l - a potion of resistance {unknown}
 m - 2 potions of heal wounds {unknown}
 n - 2 potions of lignification {unknown}
 p - a potion of haste {unknown}


   Skills:
 + Level 0.9 Fighting
 + Level 1.7 Short Blades
 + Level 2.6 Dodging
 * Level 5.4 Stealth
 + Level 2.2 Spellcasting
 * Level 5.4 Hexes


You had 2 spell levels left.
You knew the following spells:

 Your Spells              Type           Power      Damage    Failure   Level
a - Ensorcelled Hibernat  Hex/Ice        24%        N/A       9%          2
b - Confusing Touch       Hex            22%        N/A       5%          3

Your spell library contained the following spells:

 Spells                   Type           Power      Damage    Failure   Level
 Tukima's Dance           Hex            22%        N/A       5%          3
 Dazzling Flash           Conj/Hex       24%        N/A       16%         3


Dungeon Overview and Level Annotations

Branches:
Dungeon (3/15)

Altars:

Shops:
D:2 =


Innate Abilities, Weirdness & Mutations

You do not regenerate when monsters are visible.
You are frail without blood (-20% HP).
You can heal yourself when you bite living creatures.
You are immune to poison.
You have razor-sharp teeth.
You have supernaturally acute eyesight. (SInv)
You are afflicted with vampirism and can become a bat while bloodless.


Message History

The goblin closely misses you. The goblin hits you but does no damage.
You hit the goblin.
The goblin is heavily wounded.
The goblin hits you with a +0 club.
* * * LOW HITPOINT WARNING * * *
The goblin barely misses you.
Aiming: Ensorcelled Hibernation (safe; 9% risk of failure)
Press: ? - help, Q - select action Shift-Dir - straight line, f - goblin
Aim: a goblin, wielding a +0 club (chance to affect: 63%)
The goblin resists with significant effort.
The goblin hits you but does no damage. The goblin closely misses you.
You closely miss the goblin. Your bite misses the goblin.
The goblin completely misses you. The goblin barely misses you.
You closely miss the goblin. The goblin barely misses you.
The goblin hits you with a +0 dagger of draining.
* * * LOW HITPOINT WARNING * * *
You don't have enough magic to cast this spell.
You hit the goblin. You bite the goblin.
You kill the goblin!
The goblin closely misses you.
You see here a +0 club.
Aiming: Ensorcelled Hibernation (safe; 9% risk of failure)
Press: ? - help, Q - select action Shift-Dir - straight line, f - goblin
Aim: a goblin, wielding a +0 dagger of draining (heavily wounded, chance to affect: 63%)
The goblin resists with significant effort.
The goblin misses you. The goblin attacks as you move away!
The goblin hits you but does no damage.
Found a robe.
Found 12 gold pieces.
The goblin attacks as you move away!
The goblin hits you with a +0 dagger of draining.
* * * LOW HITPOINT WARNING * * *
Aiming: Ensorcelled Hibernation (safe; 9% risk of failure)
Press: ? - help, Q - select action Shift-Dir - straight line, f/p - goblin
Aim: a goblin, wielding a +0 dagger of draining (heavily wounded, chance to affect: 63%)
The goblin resists with significant effort.
The goblin closely misses you. The goblin attacks as you move away!
The goblin hits you with a +0 dagger of draining.
You die...

.8#..####.........# #.## ...
..#...............###..##.###.
.8#.<.#######.##............[.
###.#.#### #.##..♣♣♣...♣♣♣..
#.......... #.##.♣# #♣.♣#
#.#.#######.#.##.♣ ♣.♣
8................♣# #♣.♣
....##.## #$......♣♣♣.♣.♣
......... .#.#.@g.g)♣♣♣..
....###.#. ..$#.?g♣♣♣.♣ ♣♣♣
...>... .......♣# #♣)♣ ###.###
....[..♣ g♣ .# #.#....♣ .♣ ##
#...#... .. #...#... ..
#...#... ... ###


You could see 3 goblins.

Vanquished Creatures
  Robin (D:3)
  3 adders
  A dart slug (D:2)
  2 endoplasms
  A giant cockroach (D:1)
  6 goblins
  4 hobgoblins
  4 jackals (D:3)
  2 quokkas
  3 frilled lizards
  5 kobolds
  2 rats (D:1)
34 creatures vanquished.

Notes
Turn   | Place    | Note
-------+----------+-------------------------------------------
     0 | D:1      | happo123 the Vampire Enchanter began the quest for the Orb.
     0 | D:1      | Reached XP level 1. HP: 13/13 MP: 3/3
   574 | D:2      | Reached XP level 2. HP: 16/19 MP: 5/5
   807 | D:2      | Learned a level 2 spell: Ensorcelled Hibernation
  1140 | D:2      | Reached skill level 5 in Stealth
  1140 | D:2      | Reached skill level 5 in Hexes
  1140 | D:2      | Gained mutation: You are afflicted with vampirism and can
                  | become a bat while bloodless. [Vampire growth]
  1140 | D:2      | Reached XP level 3. HP: 20/20 MP: 6/6
  1144 | D:2      | Learned a level 3 spell: Confusing Touch
  1289 | D:2      | Found Joajunuw's Jewellery Shoppe.
  1541 | D:3      | Found a faded altar of an unknown god.
  1619 | D:3      | Noticed Robin
  1650 | D:3      | Killed Robin
  1651 | D:3      | Reached XP level 4. HP: 7/24 MP: 1/7
  1661 | D:3      | HP: 1/24 [goblin/+0 dagger of draining (1)]
  1664 | D:3      | Slain by a goblin

Illustrated notes

Levels and vault maps discovered:
D:1:      dpeg_arrival_oval, layout_basic, chequers_serial_rivers_micro_c
D:2:      layout_basic, serial_shops,
          nicolae_shop_temple_entry_statues_fountains
D:3:      layout_basic, nicolae_vehumet_radiance,
          nicolae_yredelemnul_corpse_copse, ebering_ghost_reflecting_pool,
          dreamdust_ecumenical_altar_angels_and_demons,
          minmay_stone_trees_medium, uniq_robin

Skill      XL: |  1  2 |
---------------+-------+-----
Stealth        | 5 |  5.4
Hexes          | 5 |  5.4
Fighting       | |  0.9
Short Blades   | |  1.7
Dodging        | |  2.6
Spellcasting   | |  2.2

Action                   |  1- 3 |  4- 6 || total
-------------------------+-------+-------++-------
Melee: Dagger            |    69 |     5 ||    74
       Bite              |     6 |     1 ||     7
 Cast: Ensorcelled Hiber |    19 |     3 ||    22
 Abil: Exsanguinate      |     1 |       ||     1
 Stab: Sleeping          |    19 |       ||    19
       Distracted        |     1 |       ||     1
Armor: Robe              |     9 |     3 ||    12
Dodge: Dodged            |    29 |     9 ||    38

Table legend: (Time is in decaauts)
 A = Elapsed time spent in this place.
 B = Non-inter-level travel time spent in this place.
 C = Inter-level travel time spent in this place.
 D = Time resting spent in this place.
 E = Time spent auto-exploring this place.
 F = Levels seen in this place.
 G = Mean time per level.
                   A        B        C        D        E       F      G
               +--------+--------+--------+--------+--------+-----+--------+
         Total |   1656 |   1474 |    182 |      0 |   1193 |   3 |  552.0 |
       Dungeon |   1656 |   1474 |    182 |      0 |   1193 |   3 |  552.0 |
               +--------+--------+--------+--------+--------+-----+--------+

Top non-repeatable levels by time:
     D:2: 994 daAuts
     D:1: 513 daAuts
     D:3: 148 daAuts
